 Dungeon Crawl Stone Soup version 0.29.1-12-g30fa7ad0bf (webtiles) character file.

Game seed: 9599332068896003993

30 nachturnus the Chopper (level 3, -1/31 HPs)
             Began as a Draconian Fighter on Jan 15, 2023.
             Slain by Sigmund
             ... wielding a +2 scythe of flaming
              (3 damage)
             ... on level 2 of the Dungeon.
             The game lasted 00:03:32 (1252 turns).

nachturnus the Chopper (Draconian Fighter)          Turns: 1252, Time: 00:03:33

Health: -1/31      AC:  5    Str: 20    XL:     3   Next: 3%
Magic:  3/3        EV: 11    Int:  8    God:
Gold:   60         SH:  4    Dex: 10    Spells: 2/2 levels left

rFire   . . .      SeeInvis .   a - +0 war axe
rCold   . . .      Faith    .   b - +0 buckler
rNeg    . . .      Spirit   .   (body armour unavailable)
rPois   .          Reflect  .   (helmet restricted)
rElec   .          Harm     .   (no cloak)
rCorr   .          Rampage  .   (no gloves)
Will    .....                   (no boots)
Stlth   +.........              (no amulet)
HPRegen 0.10/turn               (no ring)
MPRegen 0.08/turn               (no ring)

@: no status effects
A: AC +5, unfitting armour, cold-blooded
a: no special abilities


You were on level 2 of the Dungeon.
You visited 1 branch of the dungeon, and saw 2 of its levels.

You collected 60 gold pieces.

Inventory:

Hand Weapons
 a - a +0 war axe (weapon)
Missiles
 f - 3 javelins (quivered)
Armour
 b - a +0 buckler (worn)
Potions
 c - 2 potions of might
 d - a potion of attraction {unknown}
 g - a potion of curing
 i - a potion of heal wounds {unknown}


   Skills:
 - Level 3.2 Fighting
 + Level 3.5 Axes
 - Level 2.6 Dodging
 - Level 3.0 Shields


You had 2 spell levels left.
You didn't know any spells.
Your spell library contained the following spells:

 Spells                   Type           Power      Damage    Failure   Level
 Conjure Flame            Conj/Fire      0%         6-21      86%         3
 Ignite Poison            Fire/Tmut/Pois 0%         N/A       86%         3
 Sticky Flame             Conj/Fire      0%         2d3       99%         4


Dungeon Overview and Level Annotations

Branches:
Dungeon (2/15)

Altars:

Annotations:
D:2 Sigmund


Innate Abilities, Weirdness & Mutations

Your plain brown scales are hard. (AC +5)
You cannot fit into any form of body armour.
You are cold-blooded and may be slowed by cold attacks.


Message History

A rat comes into view.
There are monsters nearby!
Sigmund screams, "I am the angel of ZOT!!!"
Sigmund gestures at you while chanting. The magic dart hits you.
Sigmund whispers, "You'll know eternity soon."
Sigmund barely misses you.
You barely miss Sigmund. You hit Sigmund.
Sigmund is lightly wounded.
Sigmund hits you with a +2 scythe of flaming!
Sigmund burns you.
You closely miss Sigmund.
Sigmund is lightly wounded.
Sigmund barely misses you.
You closely miss Sigmund.
Sigmund is lightly wounded.
Sigmund hits you but does no damage.
You hit Sigmund.
Sigmund is lightly wounded.
Sigmund points at you and mumbles some strange words.
You are confused.
Sigmund gestures at you while chanting. The puff of flame hits you.
You are too confused!
You bump into the rock wall.
Sigmund hits you with a +2 scythe of flaming.
Sigmund burns you.
Sigmund mumbles some strange words.
Sigmund flickers and vanishes!
Deactivating autopickup; reactivate with Ctrl-A.
You feel better.
You hear some strange, mumbled words.
Something tries to affect you, but you resist.
Something hits you!
* * * LOW HITPOINT WARNING * * *
Something burns you.
* * * LOW HITPOINT WARNING * * *
Something hits you.
You die...

......... #......# #######
#......# #.......# #......#
#.......# . #......#
#.......# . #.....##
#.......#######. ..
#.....#####...............
...#.....##..................
............@...........)....
.............................
.............................
...............#####.........
.##........#'###........<....
#.......##.# #.###.†.......
.........##.# #.............
##...#######.# #.............
##.. ..# #.............


There were no monsters in sight!

Vanquished Creatures
  A gnoll (D:1)
  2 bats (D:1)
  A giant cockroach (D:1)
  5 goblins
  2 hobgoblins
  2 quokkas (D:1)
  2 ball pythons
  A frilled lizard (D:1)
  3 rats
  A spectral goblin (D:1)
20 creatures vanquished.

Notes
Turn   | Place    | Note
-------+----------+-------------------------------------------
     0 | D:1      | nachturnus the Draconian Fighter began the quest for the
                  | Orb.
     0 | D:1      | Reached XP level 1. HP: 19/19 MP: 1/1
   550 | D:1      | Found a faded altar of an unknown god.
   555 | D:1      | Reached XP level 2. HP: 26/26 MP: 2/2
  1198 | D:2      | Reached XP level 3. HP: 31/31 MP: 3/3
  1225 | D:2      | Noticed Sigmund
  1251 | D:2      | HP: 1/31 [something (5)]
  1252 | D:2      | Slain by Sigmund

Illustrated notes

Levels and vault maps discovered:
D:1:      dpeg_arrival_houses_and_road, layout_loops_ring,
          dreamdust_ecumenical_altar_drowned_temple, minmay_tree_intersection
D:2:      layout_basic, uniq_natasha, uniq_robin, uniq_sigmund

Skill      XL: |  1  2 |
---------------+-------+-----
Axes           | 3 |  3.5
Fighting       | |  3.2
Dodging        | |  2.6
Shields        | |  3.0

Action                   || total
-------------------------++-------
Melee: War axe           ||    74
       Tailslap          ||     8
  Use: Scroll            ||     3
       Potion            ||     1
 Stab: Sleeping          ||     2
Armor: Skin              ||    32
Dodge: Dodged            ||    35
Block: Buckler           ||    18
